Unix NetHack Version 5.0.0-0 post-release - last build May  4 2026 22:22:43 (774f63e81ad911689b3a0859ea89b322d5daca8d,branch:main).

Game began 2026-05-06 07:37:06, ended 2026-05-07 06:03:30.

7spoons, neutral female human Wizard

                    ..
                    -.---       -....
                   ##...---     |.....
                    ---.h.-------......
                      --f@.............|
                       -------------.<.|
                                   |..--
                                   ----
7spoons the Conjurer      St:10 Dx:14 Co:12 In:11 Wi:12 Ch:13  Neutral
Dlvl:6  $:157 HP:0(38) Pw:30(38) AC:4  Xp:5 T:4282  Burdened Conf

Latest messages:
 Kaablamm!  You hear an explosion in the distance!
 You sense a faint wave of psychic energy.
 You sense a faint wave of psychic energy.
 The gnome hits!
 You hit the gnome.
 You miss the gnome.
 The gnome hits!
 You kill the gnome!
 Pick a monster, object or location.
 You swap places with your large cat.
 KAABLAMM!!!  You triggered a land mine!
 Your movements are slowed slightly because of your load.
 You fall into a pit!
 The large cat misses it.
 In what direction? 7
 The spell misses the mind flayer.
 The large cat misses it.
 The mind flayer hits!
 The mind flayer's tentacles suck your brain!
 Your brain is eaten!
 You feel stupid!
 The mind flayer just misses!
 The mind flayer's tentacles suck your brain!
 Your brain is eaten!
 You feel stupid!
 The large cat bites it.
 The mind flayer hits!
 The mind flayer's tentacles suck your brain!
 Your brain is eaten!
 You feel stupid!
 The mind flayer's tentacles suck your brain again!
 Your brain is eaten!
 You feel stupid!
 The mind flayer's tentacles suck your brain again!
 Your brain is eaten!
 You feel very stupid!
 Your knowledge of this spell is twisted.
 It invokes nightmarish images in your mind...
 The large cat bites it.
 It thrusts its dagger at the large cat.
 It misses the large cat.
 The mind flayer concentrates.
 A wave of psychic energy pours over you!
 The mind flayer hits!
 You die...
 Do you want your possessions identified? [ynq] (y) y
 Do you want to see your attributes? [ynq] (y) y
 Do you want an account of creatures vanquished? [ynaq] (y) n
 Do you want to see your conduct and achievements? [ynq] (y) n
 Do you want to see the dungeon overview? [ynq] (y) y

Inventory:
 Coins    ('$')
  $ - 157 gold pieces
 Weapons  (')')
  Y - 3 +0 daggers
  m - a +0 elven dagger (at the ready)
  a - a blessed +1 quarterstaff (weapon in hands)
 Armor    ('[')
  b - an uncursed +0 cloak of magic resistance (being worn)
  p - an uncursed +0 elven mithril-coat (being worn)
 Comestibles  ('%')
  D - an uncursed lembas wafer
  T - 2 uncursed tripe rations
 Scrolls  ('?')
  j - an uncursed scroll of create monster
  u - a blessed scroll of enchant armor
  H - an uncursed scroll of enchant weapon
  F - an uncursed scroll of remove curse
  X - an uncursed scroll of teleportation
 Spellbooks  ('+')
  l - a blessed spellbook of force bolt
 Potions  ('!')
  s - an uncursed potion of hallucination
  g - an uncursed potion of healing
 Rings    ('=')
  d - an uncursed ring of polymorph
  e - an uncursed ring of shock resistance
 Wands    ('/')
  c - a wand of lightning (0:4)
 Tools    ('(')
  n - a magic marker (0:20)
  t - an uncursed oil lamp (lit)
  r - an uncursed tin whistle

7spoons the Wizard's attributes:

Background:
 You were a Conjurer, a level 5 female human Wizard.
 You were neutral, on a mission for Thoth
 who was opposed by Ptah (lawful) and Anhur (chaotic).
 You were right-handed.
 You were in the Gnomish Mines, on level 6.
 You entered the dungeon 4282 turns ago.
 You had 186 experience points, 134 more were needed to attain level 6.

Basics:
 You had 0 out of 38 hit points.
 You had 30 out of 38 energy points (spell power).
 Your armor class was 4.
 Your wallet contained 157 zorkmids.
 Autopickup was off.

Final Characteristics:
 Your strength was 10 (limit:18/100).
 Your dexterity was 14 (base:15, limit:18).
 Your constitution was 12 (limit:18).
 Your intelligence was 11 (peak:17, limit:18).
 Your wisdom was 12 (limit:18).
 Your charisma was 13 (limit:18).

Final Status:
 You were confused.
 You were trapped in a pit.
 You had wounded legs.
 You weren't hungry.
 You were burdened; movement was slightly slowed.
 You were wielding a quarterstaff.
 You had basic skill with quarterstaff.

Final Attributes:
 You were piously aligned.
 You were magic-protected.
 You were guarded.
 Your spell casting was impaired by metallic armor.
 You are dead.

Miscellaneous:
 You encountered 2 bones levels.
 Total elapsed playing time was 1 hour, 30 minutes and 5 seconds.

Major events:
 Turn
    1: 7spoons the neutral female human Wizard entered the dungeon
 1584: entered the Gnomish Mines
 1870: attained the rank of Conjurer (level 3)
 4282: killed by a mind flayer

Spells:
 Name                 Level Category     Fail Retention
 force bolt             1   attack        44%    (gone)
 cure sickness          3   healing      100%  76%-100%

Skills:
 Fighting Skills
   bare handed combat [Unskilled]
   riding             [Unskilled]
 Weapon Skills
   dagger             [Unskilled]
   knife              [Unskilled]
   axe                [Unskilled]
   short sword        [Unskilled]
   club               [Unskilled]
   mace               [Unskilled]
   quarterstaff       [Basic]
   polearms           [Unskilled]
   spear              [Unskilled]
   trident            [Unskilled]
   sling              [Unskilled]
   dart               [Unskilled]
   shuriken           [Unskilled]
 Spellcasting Skills
   attack spells      [Basic]
   healing spells     [Unskilled]
   divination spells  [Unskilled]
   enchantment spells [Basic]
   clerical spells    [Unskilled]
   escape spells      [Unskilled]
   matter spells      [Unskilled]

Voluntary challenges:
 Character rerolling was not enabled.
 You were illiterate.
 You never genocided any monsters.
 You never polymorphed an object.
 You never changed form.
 You used no wishes.
Achievements:
 You entered a shop.
 You entered the Gnomish Mines.
 You attained the rank of Conjurer.

 The Dungeons of Doom: levels 1 to 5
    Level 1:
       Some fountains, a sink.
    Level 2:
       A fountain, a sink.
    Level 3:
       A general store, some fountains.
    Level 4:
       Stairs down to The Gnomish Mines.
    Level 5:
       Final resting place for
          2460080212-Val-Hum-Fem-Law, killed by a giant bat.
 The Gnomish Mines: levels 5 to 6
    Level 5:
       A grave.
       Final resting place for
          01246791210-Bar-Hum-Mal-Neu, killed by a gnome.
    Level 6: <- You were here.
       Final resting place for
          you, killed by a mind flayer.


Vanquished creatures:
  2 ghosts
  a leprechaun
  a dog
  a rock piercer
  a rock mole
  a pony
  2 shriekers
  2 gnome leaders
  2 gray oozes
  a ghoul
  a giant ant
  a little dog
  a floating eye
  2 kittens
  2 dwarves
  a rothe
  2 rabid rats
  a centipede
  a giant bat
  a dwarf zombie
  a wererat
  a werejackal
 an iguana
  4 acid blobs
  2 coyotes
  3 hobbits
  a large kobold
  a giant rat
  3 red molds
  9 gnomes
  5 geckos
 10 jackals
  3 foxes
  a kobold
  4 goblins
  3 sewer rats
  7 grid bugs
  2 bats
  5 lichens
  a kobold zombie
 10 newts
104 creatures vanquished.

No species were genocided or became extinct.

Game over:
                       ----------
                      /          \
                     /    REST    \
                    /      IN      \
                   /     PEACE      \
                  /                  \
                  |     7spoons      |
                  |      157 Au      |
                  | killed by a mind |
                  |      flayer      |
                  |                  |
                  |                  |
                  |       2026       |
                 *|     *  *  *      | *
        _________)/\\_//(\/(/\)/\//\/|_)_______

Goodbye 7spoons the Wizard...

You died in The Gnomish Mines on dungeon level 6 with 1136 points,
and 157 pieces of gold, after 4282 moves.
You were level 5 with a maximum of 38 hit points when you died.

